 Dungeon Crawl Stone Soup version 0.26-a0-670-g578ab304f5 (webtiles) character file.

Game seed: 6366088383750113114

10160 PentaManta the Brawler (level 11, 0/77 HPs)
             Began as a Ghoul Artificer on Oct 19, 2020.
             Was a High Priest of Makhleb.
             Slain by a minotaur
             ... wielding a +6 quick blade
              (10 damage)
             ... in a Gauntlet.
             The game lasted 00:35:46 (12334 turns).

PentaManta the Brawler (Ghoul Artificer)           Turns: 12334, Time: 00:35:47

Health: 0/77       AC: 15    Str: 27    XL:     11   Next: 57%
Magic:  10/10      EV:  6    Int:  6    God:    Makhleb [*****.]
Gold:   519        SH: 15    Dex: 13    Spells: 10/10 levels left

rFire    + . .     SeeInvis +     - Unarmed
rCold    + + .     Faith    .   k - +0 kite shield (curse)
rNeg     + + +     Spirit   .   r - +0 chain mail
rPois    ∞         Reflect  +   (no helmet)
rElec    .         Harm     .   N - +0 cloak of Okawaru's Approval {rF+ rC+ Dex+4} (curse)
rCorr    .         Rampage  .   (no gloves)
MR       .....     NoTele   +   F - +1 pair of boots
Stlth    ..........             l - amulet of reflection
HPRegen  0.00/turn              j - +4 ring of protection
MPRegen  0.12/turn              t - ring of Contentment {Str+7 SInv}

@: hasted, very quick
A: rotting body, claws 1, cold resistance 1, negative energy resistance 3,
inhibited regeneration, torment resistance, unbreathing
a: Minor Destruction, Lesser Servant of Makhleb, Major Destruction, Greater
Servant of Makhleb, Renounce Religion


You were in a Gauntlet.
You worshipped Makhleb.
Makhleb was extremely pleased with you.
You visited 3 branches of the dungeon, and saw 13 of its levels.
You also visited: Sewer and Gauntlet.

You collected 575 gold pieces.
You spent 56 gold pieces at shops.

Inventory:

Hand Weapons
 y - a +0 vorpal hunting sling
 K - a +3 dagger of venom
Missiles
 s - 439 stones (quivered)
 G - 9 poisoned darts
Armour
 g - the cursed +0 pair of gloves of Fun {Slay+2, unknown}
   (You found it in a Gauntlet)

   It affects your accuracy and damage with ranged weapons and melee attacks
   (+2).
   It has a curse placed upon it.
 k - a cursed +0 kite shield (worn)
 q - a +0 buckler
 r - a +0 chain mail (worn)
 u - a +0 plate armour
 w - a +0 plate armour of positive energy
 z - a +0 scale mail
 D - a scarf of repulsion
 F - a +1 pair of boots (worn)
 M - a +0 plate armour
 N - the cursed +0 cloak of Okawaru's Approval (worn) {rF+ rC+ Dex+4}
   (You found it in a Gauntlet)

   It affects your dexterity (+4).
   It protects you from fire.
   It protects you from cold.
   It has a curse placed upon it.
Jewellery
 f - an uncursed ring of fire
 i - an uncursed amulet of magic regeneration
 j - a +4 ring of protection (left claw)
 l - an amulet of reflection (around neck)
 t - the ring of Contentment (right claw) {Str+7 SInv}
   (You found it on level 4 of the Dungeon)

   [ring of see invisible]

   It affects your strength (+7).
   It lets you see invisible.
 C - an uncursed ring of protection from cold
 H - an uncursed amulet of the acrobat
 L - an uncursed ring of resist corrosion
Wands
 c - a wand of flame (5)
 d - a wand of enslavement (13)
 e - a wand of random effects (33)
Scrolls
 b - a scroll of teleportation
 h - 3 scrolls of enchant weapon
 o - 3 scrolls of fog
 p - 9 scrolls of remove curse
 x - 3 scrolls of fear
Potions
 a - 2 potions of stabbing
 m - a potion of might {unknown}
 n - 4 potions of curing
 v - 2 potions of cancellation {unknown}
 A - a potion of experience {unknown}
 I - 3 potions of brilliance
 J - a potion of flight
Miscellaneous
 O - a tin of tremorstones (3/3)


   Skills:
 - Level 1.1 Fighting
 - Level 1.7 Armour
 - Level 0.8 Dodging
 - Level 1.1 Stealth
 - Level 4.0 Shields
 + Level 17.4 Unarmed Combat
 - Level 2.6 Evocations


You had 10 spell levels left.
You didn't know any spells.
Your spell library contained the following spells:

 Spells                   Type           Power        Failure   Level
 Apportation              Tloc           #.....       100%        1
 Corona                   Hex            #......      100%        1
 Freeze                   Ice            #...         100%        1
 Ensorcelled Hibernation  Hex/Ice        #.....       100%        2
 Confusing Touch          Hex            #.......     100%        3
 Dazzling Flash           Conj/Hex       #.....       100%        3
 Frozen Ramparts          Ice            #.....       100%        3
 Lesser Beckoning         Tloc           #.........   100%        3
 Ozocubu's Armour         Ice            #.......     100%        3
 Tukima's Dance           Hex            #.......     100%        3
 Hailstorm                Conj/Ice       #.......     100%        4
 Summon Ice Beast         Ice/Summ       #.......     100%        4
 Alistair's Intoxication  Tmut/Pois      #........    100%        5
 Invisibility             Hex            #.......     100%        6


Dungeon Overview and Level Annotations

Branches:
Dungeon (11/15)            Temple (1/1) D:5            Lair (1/6) D:9
    Orc (0/2) D:9           Sewer (visited)         Gauntlet (1/1)

Altars:
Ashenzari
Cheibriados
Dithmenos
Elyvilon
Fedhas
Gozag
Hepliaklqana
Kikubaaqudgha
Makhleb
Nemelex Xobeh
Okawaru
Qazlal
Ru
Sif Muna
Trog
Uskayaw
Vehumet
Wu Jian
Xom
Yredelemnul
Zin
The Shining One

Shops:
D:7 !::(!   D:9 :   D:10 ***

Annotations:
D:6 2 transporters, Notrik's ghost, novice MiBe Gauntlet 6 transporters, 16 runed translucent doors, exclusion: orange crystal statue


Innate Abilities, Weirdness & Mutations

Your body is rotting away.
You thrive by killing the living.
You are immune to poison.
You have sharp fingernails.
Your flesh is cold resistant. (rC+)
You are immune to negative energy. (rN+++)
You do not regenerate when monsters are visible.
You are immune to unholy pain and torment.
You can survive without breathing.


Message History

You block the minotaur's attack.
The minotaur gores you but does no damage.
The minotaur hits you with a +6 quick blade!!
The minotaur gores you but does no damage.
You see here a silver javelin.
You feel yourself speed up. You block the minotaur's attack.
The minotaur gores you.
* * * LOW HITPOINT WARNING * * *
You completely miss the minotaur. You block the minotaur's attack.
The minotaur gores you but does no damage.
You claw the minotaur!
The minotaur is lightly wounded.
Your shield and chain mail prevent you from hitting the minotaur.
The minotaur is lightly wounded.
The minotaur hits you with a +6 quick blade!!
* * * LOW HITPOINT WARNING * * *
The minotaur gores you but does no damage.
It was a potion of curing.
You feel better. You block the minotaur's attack. The minotaur gores you!
You die...

# #.#....8.#..#..#..#. ##'
#.#.##...#..#.#..#.. #.⌠.
#...##...#..########
#.H.∩##.#.##.©.#≈.........
+⌠....'.#......#∩.........
#(#.##.©.#≈.........
#..Z##...#..########
#.#H##...#..#.....#.
#.#@...8.#..#..##..#
#.#.##...#..#!.#..##
#..(##.8.#..#[.##..#
######...#..#©8#.©##
#§8§#..#..##..#
#####..#/.#..##
#..#..##..# ###..#.....#.
#8#..########


You could see a minotaur and a minotaur zombie.

Vanquished Creatures
  2 two-headed ogres
  2 large abominations (Gauntlet)
  A fire crab (Gauntlet)
  2 slime creatures (Gauntlet)
  6 fire bats (Gauntlet)
  2 wyverns
  2 hell hounds (Gauntlet)
  4 water moccasins
  6 orc warriors
  4 small abominations (Gauntlet)
  6 ice beasts
  A black bear (D:6)
  A sky beast (D:10)
  A phantom (D:7)
  6 ogres
  4 centaurs
  A big kobold (Sewer)
  A bullfrog (D:8)
  A gnoll sergeant (D:9)
  4 scorpions
  5 killer bees (D:10)
  7 wights
  A howler monkey (D:9)
  A crimson imp (D:8)
  A bullfrog zombie (D:10)
  2 centaur zombies
  5 hounds
  A jelly (Gauntlet)
  14 orc wizards
  A centaur skeleton (D:9)
  8 orc priests
  4 iguanas
  11 worker ants
  2 ogre zombies (D:9)
  2 hound zombies
  A hound skeleton (D:4)
  2 worker ant zombies
  11 gnolls
  7 adders
  4 white imps
  3 ufetubi
  3 oozes
  4 worms
  3 dart slugs
  9 leopard geckos
  60 orcs
  7 bats
  7 giant cockroaches
  8 goblins
  8 hobgoblins
  17 jackals
  4 quokkas
  3 ball pythons
  7 frilled lizards
  4 gnoll zombies
  2 goblin skeletons (D:8)
  A goblin zombie (D:8)
  2 hobgoblin zombies (D:8)
  3 jackal skeletons
  11 kobolds
  A kobold zombie (D:8)
  An orc skeleton (D:8)
  A quokka skeleton (D:9)
  8 rats
324 creatures vanquished.

Vanquished Creatures (collateral kills)
  An orc warrior (D:8)
1 creature vanquished.

Vanquished Creatures (others)
  3 fungi (Gauntlet)
  14 plants
17 creatures vanquished.

Grand Total: 342 creatures vanquished

Notes
Turn   | Place    | Note
-------+----------+-------------------------------------------
     0 | D:1      | PentaManta the Ghoul Artificer began the quest for the Orb.
     0 | D:1      | Reached XP level 1. HP: 16/16 MP: 0/0
   184 | D:1      | Reached skill level 1 in Unarmed Combat
   474 | D:1      | Reached XP level 2. HP: 23/23 MP: 1/1
   515 | D:1      | Reached skill level 2 in Unarmed Combat
  1514 | D:2      | Found a sparkling altar of Nemelex Xobeh.
  1516 | D:2      | Reached XP level 3. HP: 28/28 MP: 2/2
  1536 | D:2      | Reached skill level 3 in Unarmed Combat
  1956 | D:2      | Found a broken altar of Ashenzari.
  2226 | D:3      | Reached XP level 4. HP: 35/35 MP: 3/3
  2268 | D:3      | Reached skill level 4 in Unarmed Combat
  2616 | D:3      | Reached XP level 5. HP: 39/40 MP: 4/4
  2680 | D:3      | Reached skill level 5 in Unarmed Combat
  3003 | D:4      | Got a bound glass ring
  3005 | D:4      | Identified the ring of Contentment {Str+7 SInv} (You found
                  | it on level 4 of the Dungeon)
  3210 | D:4      | Reached skill level 6 in Unarmed Combat
  3210 | D:4      | Reached XP level 6. HP: 37/47 MP: 5/5
  3375 | D:4      | Found a hide-covered altar of Uskayaw.
  3381 | D:4      | Found a hazy altar of Hepliaklqana.
  3385 | D:4      | Found a glowing silver altar of Zin.
  3679 | D:4      | Reached skill level 7 in Unarmed Combat
  4020 | D:5      | Entered Level 5 of the Dungeon
  4388 | D:5      | Reached XP level 7. HP: 52/52 MP: 6/6
  4449 | D:5      | Reached skill level 8 in Unarmed Combat
  4703 | D:5      | Found a staircase to the Ecumenical Temple.
  4803 | Temple   | Entered the Ecumenical Temple
  4972 | Temple   | Became a worshipper of Makhleb the Destroyer
  5065 | D:5      | Reached skill level 9 in Unarmed Combat
  5331 | D:6      | Found a transporter.
  5331 | D:6      | Noticed Notrik's ghost (novice MiBe)
  5397 | D:6      | Reached XP level 8. HP: 54/59 MP: 7/7
  5582 | D:6      | Found a glowing drain.
  5612 | Sewer    | Entered a sewer
  5664 | Sewer    | Reached * piety under Makhleb
  5682 | Sewer    | Reached skill level 10 in Unarmed Combat
  5717 | Sewer    | Found a white marble altar of Elyvilon.
  5859 | D:6      | Found a transporter.
  6621 | D:7      | Reached skill level 11 in Unarmed Combat
  6673 | D:7      | Found Xiafumunad's Weapon Shop.
  6684 | D:7      | Found Vyboirgho's Book Shoppe.
  6805 | D:7      | Found Alyats's Book Boutique.
  6809 | D:7      | Reached XP level 9. HP: 48/64 MP: 8/8
  6906 | D:7      | Found Quyfat's Distillery.
  7017 | D:7      | Reached ** piety under Makhleb
  7021 | D:7      | Reached skill level 12 in Unarmed Combat
  7049 | D:7      | Found Voppuqet's Distillery.
  7669 | D:8      | Reached skill level 13 in Unarmed Combat
  7705 | D:8      | Found a glowing golden altar of the Shining One.
  7861 | D:8      | Noticed a two-headed ogre
  8102 | D:8      | Killed a two-headed ogre
  8102 | D:8      | Reached *** piety under Makhleb
  8102 | D:8      | Reached skill level 14 in Unarmed Combat
  8102 | D:8      | Reached XP level 10. HP: 71/71 MP: 9/9
  8343 | D:8      | Found a basalt altar of Yredelemnul.
  8443 | D:9      | Found a staircase to the Lair.
  8483 | Lair:1   | Entered Level 1 of the Lair of Beasts
  8798 | D:9      | Reached skill level 15 in Unarmed Combat
  9069 | D:8      | Reached **** piety under Makhleb
  9211 | D:9      | Found a transporter.
  9292 | D:9      | Found Umifaggi's Book Shop.
  9300 | D:9      | Found a broken altar of Ashenzari.
  9468 | D:9      | Found a staircase to the Orcish Mines.
  9591 | D:9      | Noticed a two-headed ogre
  9602 | D:9      | Killed a two-headed ogre
  9602 | D:9      | Reached skill level 16 in Unarmed Combat
  9665 | D:9      | Found a transporter.
  9865 | D:10     | Entered Level 10 of the Dungeon
  9928 | D:10     | Found Gion's Assorted Antiques.
  9942 | D:10     | Bought a scroll labeled BUPTEO KYSEV for 27 gold pieces
 10014 | D:10     | Reached skill level 1 in Shields
 10035 | D:10     | Reached XP level 11. HP: 68/77 MP: 10/10
 10247 | D:10     | Found Sikuem's Assorted Antiques.
 10250 | D:10     | Bought a scroll labeled NILISO QUSUU for 29 gold pieces
 10467 | D:10     | Reached ***** piety under Makhleb
 10775 | D:10     | Found Ychel's Assorted Antiques.
 10993 | D:11     | Noticed a purple ugly thing
 11181 | D:11     | Found a gate leading to a gauntlet.
 11187 | Gauntlet | Entered a Gauntlet
 11187 | Gauntlet | Found a transporter.
 11187 | Gauntlet | Found a transporter.
 11187 | Gauntlet | Found a transporter.
 11188 | Gauntlet | Noticed a tengu warrior
 11215 | Gauntlet | Found a transporter.
 11217 | Gauntlet | Found a transporter.
 11221 | Gauntlet | Noticed a tengu warrior
 11227 | Gauntlet | Found a transporter.
 11231 | Gauntlet | Found a transporter.
 11240 | Gauntlet | Noticed an orange crystal statue
 11243 | Gauntlet | Found a transporter.
 11260 | Gauntlet | Noticed a fire crab
 11262 | Gauntlet | Found a transporter.
 11279 | Gauntlet | Found a transporter.
 11283 | Gauntlet | Found a transporter.
 11283 | Gauntlet | Noticed a large abomination
 11285 | Gauntlet | Found a runed translucent gate.
 11285 | Gauntlet | Found a runed translucent gate.
 11285 | Gauntlet | Found a runed translucent gate.
 11286 | Gauntlet | Found a large runed translucent door.
 11286 | Gauntlet | Found a large runed translucent door.
 11287 | Gauntlet | Found a large runed translucent door.
 11288 | Gauntlet | Found a large runed translucent door.
 11289 | Gauntlet | Found a large runed translucent door.
 11289 | Gauntlet | Found a large runed translucent door.
 11289 | Gauntlet | Found a runed translucent door.
 11289 | Gauntlet | Found a runed translucent door.
 11290 | Gauntlet | Found a large runed translucent door.
 11291 | Gauntlet | Found a large runed translucent door.
 11293 | Gauntlet | Found a transporter.
 11334 | Gauntlet | Found a large runed translucent door.
 11335 | Gauntlet | Found a large runed translucent door.
 11336 | Gauntlet | Found a large runed translucent door.
 11336 | Gauntlet | Found a large runed translucent door.
 11337 | Gauntlet | Found a large runed translucent door.
 11338 | Gauntlet | Found a large runed translucent door.
 11339 | Gauntlet | Found a large runed translucent door.
 11339 | Gauntlet | Found a large runed translucent door.
 11587 | Gauntlet | Got a pair of polished gloves
 11729 | Gauntlet | Killed a large abomination
 11771 | Gauntlet | Got a steaming cloak
 11783 | Gauntlet | Reached skill level 17 in Unarmed Combat
 11816 | Gauntlet | Killed a fire crab
 11824 | Gauntlet | HP: 3/77 [fire bat (3)]
 11824 | Gauntlet | HP: 1/77 [fire bat (2)]
 12298 | Gauntlet | Identified the cursed +0 cloak of Okawaru's Approval {rF+
                  | rC+ Dex+4} (You found it in a Gauntlet)
 12318 | Gauntlet | Noticed a minotaur
 12333 | Gauntlet | HP: 2/77 [minotaur/+6 quick blade (20)]
 12334 | Gauntlet | Slain by a minotaur

Illustrated notes

Levels and vault maps discovered:
D:1:      dpeg_arrival_houses_and_road, layout_basic,
          kennysheep_decorative_pillar
D:2:      layout_loops_ring, lemuel_crystal_altar, old_standard_altar
D:3:      layout_basic
D:4:      layout_gridville, minitemple
D:5:      layout_loops_ring, minmay_temple_entry_proselytizer
D:6:      layout_layer_cave, gammafunk_ghost_mausoleum,
          cheibrodos_sewer_entry_drain, bh_walls_and_bars
D:7:      layout_cave_pools, serial_shops, shop, nicolae_shop_statue_plus, shop,
          nicolae_shop_behind_doors, shop
D:8:      layout_loops_ring, lemuel_zombie_altar_yredelemnul,
          nicolae_tso_besieged_by_evil
D:9:      gammafunk_cloud_chamber, layout_small_grid, lair_entry_dummy,
          david_orc_4, serial_shops, shop, basic_altar
D:10:     layout_loops_cross, serial_shops, kennysheep_mini_moat,
          kennysheep_mini, nicolae_shop_overgrown_old_shop
D:11:     layout_gridville, gauntlet_entry_generic, dk_vineyard_1
Temple:   regret_index_temple_sphere_string
Lair:1:   layout_regular_city, minmay_lair_oklob_chamber, uniq_sonja
Gauntlet: gammafunk_gauntlet_hard_choice [nicolae_gauntlet_arena_t_cross,
          nicolae_gauntlet_swirl, minmay_gauntlet_arena_make_your_own_arena,
          nicolae_gauntlet_arena_quarters,
          gammafunk_gauntlet_arena_arrow_garden, gammafunk_gauntlet_arena_teeth,
          gauntlet_exit_hidden_loot]

Skill      XL: |  1  2  3  4  5  6  7  8  9 10 11 |
---------------+----------------------------------+-----
Unarmed Combat | 1 2 3 4 6 7 9 11 14 16 17 | 17.4
Shields        | 1 4 |  4.0
Fighting       | |  1.1
Armour         | |  1.7
Dodging        | |  0.8
Stealth        | |  1.1
Evocations     | |  2.6

Action                   |  1- 3 |  4- 6 |  7- 9 | 10-12 || total
-------------------------+-------+-------+-------+-------++-------
Melee: Unarmed           |   159 |   200 |   323 |   395 ||  1077
       Punch             |     1 |     3 |    11 |    23 ||    38
Throw: Stone             |       |     3 |       |       ||     3
Evoke: Wand              |       |       |    10 |     6 ||    16
  Use: Scroll            |       |       |    21 |     7 ||    28
       Potion            |       |       |       |    11 ||    11
 Stab: Confused          |       |       |       |     1 ||     1
       Invisible         |       |       |       |     3 ||     3
Armor: Leather armour    |    31 |       |       |       ||    31
       Ring mail         |    36 |     7 |       |       ||    43
       Scale mail        |       |    82 |    99 |    37 ||   218
       Chain mail        |       |       |       |   215 ||   215
Dodge: Dodged            |    83 |    81 |   104 |   202 ||   470
       Repelled          |       |       |       |     2 ||     2
Block: Other             |    11 |    31 |    49 |    65 ||   156
       Reflection        |     2 |       |     1 |     6 ||     9
       Buckler           |       |       |       |    63 ||    63
       Kite shield       |       |       |       |     4 ||     4

Table legend: (Time is in decaauts)
 A = Elapsed time spent in this place.
 B = Non-inter-level travel time spent in this place.
 C = Inter-level travel time spent in this place.
 D = Time resting spent in this place.
 E = Time spent auto-exploring this place.
 F = Levels seen in this place.
 G = Mean time per level.
                   A        B        C        D        E       F      G
               +--------+--------+--------+--------+--------+-----+--------+
         Total |  12160 |  11558 |    602 |   1642 |   7025 |  15 |  810.7 |
       Dungeon |  10671 |  10069 |    602 |   1142 |   6667 |  11 |  970.1 |
        Temple |    179 |    179 |      0 |      0 |    139 |   1 |  179.0 |
          Lair |      8 |      8 |      0 |      0 |      0 |   1 |    8.0 |
         Sewer |    208 |    208 |      0 |      0 |    123 |   1 |  208.0 |
      Gauntlet |   1092 |   1092 |      0 |    500 |     96 |   1 | 1092.0 |
               +--------+--------+--------+--------+--------+-----+--------+

Top non-repeatable levels by time:
     D:1: 1506 daAuts
     D:8: 1430 daAuts
     D:4: 1310 daAuts
    D:10: 1235 daAuts
     D:6: 1121 daAuts
Gauntlet: 1092 daAuts
     D:9: 918 daAuts
     D:5: 835 daAuts
     D:7: 808 daAuts
     D:3: 755 daAuts
     D:2: 691 daAuts
   Sewer: 208 daAuts
  Temple: 179 daAuts
    D:11: 57 daAuts
  Lair:1: 8 daAuts
